 Dungeon Crawl Stone Soup version 0.24-a0-368-g0e0cebd0f3 (webtiles) character file.

Game seed: 2689551894195230120

284 incide the Protected (level 6, -1/44 HPs)
             Began as a Gnoll Wanderer on May 29, 2019.
             Killed from afar by an orc wizard (5 damage)
             ... with a magic dart
             ... on level 4 of the Dungeon.
             The game lasted 00:09:05 (2866 turns).

incide the Protected (Gnoll Wanderer)               Turns: 2866, Time: 00:09:05

Health: -1/44      AC:  8    Str: 16    XL:     6   Next: 29%
Magic:  11/11      EV: 11    Int: 16    God:
Gold:   90         SH:  0    Dex: 13    Spells: 11/11 levels left

rFire    . . .     SeeInvis .   x - +0 trident
rCold    . . .     Gourm    .   (no shield)
rNeg     . . .     Faith    .   r - +0 ring mail (curse)
rPois    .         Spirit   .   (no helmet)
rElec    .         Reflect  .   (no cloak)
rCorr    .         Harm     .   j - +0 pair of gloves
MR       .....                  (no boots)
Stlth    ++........             (no amulet)
HPRegen  0.14/turn              (no ring)
MPRegen  0.12/turn              (no ring)

@: no status effects
A: distributed training, fangs 1, strong nose
a: no special abilities


You were on level 4 of the Dungeon.
You were very hungry.

You visited 1 branch of the dungeon, and saw 5 of its levels.

You collected 90 gold pieces.

Inventory:

Hand Weapons
 a - a +0 hand crossbow
 t - a +0 whip
 x - a +0 trident (weapon)
Missiles
 c - 19 bolts
 h - 17 boomerangs (quivered)
Armour
 e - a +0 robe
 g - a +0 large shield
 i - a +0 buckler
 j - a +0 pair of gloves (worn)
 o - a +0 scale mail
 r - a cursed +0 ring mail (worn)
Jewellery
 z - an uncursed ring of flight {unknown}
 B - a +2 ring of protection {unknown}
 D - an uncursed ring of positive energy {unknown}
Scrolls
 k - a scroll of teleportation
 l - 5 scrolls of identify
 n - a scroll of fog {unknown}
 w - a scroll of enchant armour {unknown}
 y - a scroll of amnesia {unknown}
 A - a scroll of enchant weapon {unknown}
Potions
 d - a potion of curing
 m - a potion of heal wounds
 p - 3 potions of degeneration {unknown}
 q - a potion of haste {unknown}
 s - a potion of mutation {unknown}
 u - 3 potions of agility
 v - a potion of flight {unknown}
 C - a potion of invisibility {unknown}
 E - a potion of might {unknown}
Miscellaneous
 b - a phial of floods
Comestibles
 f - 6 rations


   Skills:
 + Level 1.8 Fighting
 + Level 1.8 Short Blades
 + Level 1.8 Long Blades
 + Level 1.8 Axes
 + Level 1.8 Maces & Flails
 + Level 1.8 Polearms
 + Level 1.8 Staves
 + Level 1.8 Slings
 + Level 1.8 Bows
 + Level 3.2 Crossbows
 + Level 1.8 Throwing
 + Level 8.7 Armour
 + Level 1.8 Dodging
 + Level 3.0 Stealth
 + Level 1.8 Shields
 + Level 1.8 Unarmed Combat
 + Level 3.3 Spellcasting
 + Level 2.6 Conjurations
 + Level 1.4 Hexes
 + Level 2.6 Charms
 + Level 1.4 Summonings
 + Level 1.4 Necromancy
 + Level 1.4 Translocations
 + Level 1.4 Transmutations
 + Level 1.4 Fire Magic
 + Level 1.4 Ice Magic
 + Level 1.4 Air Magic
 + Level 1.4 Earth Magic
 + Level 1.4 Poison Magic
 + Level 2.0 Invocations
 + Level 3.2 Evocations


You had 11 spell levels left.
You didn't know any spells.
Your spell library was empty.

Dungeon Overview and Level Annotations

Branches:
Dungeon (5/15)
 Temple: D:4-7

Altars:
Fedhas

Annotations:
D:4 Eustachio


Innate Abilities, Weirdness & Mutations

Your experience applies equally to all skills.
You have very sharp teeth.
Your uncanny sense of smell can sniff out nearby items.


Message History

The orc priest calls upon Beogh to heal the orc wizard.
The orc wizard is healed somewhat.
The orc wizard casts a spell.
The orc wizard blinks!
You closely miss the quokka. The quokka closely misses you.
You closely miss the quokka. The quokka misses you.
The quokka bites you but does no damage.
You hit the quokka.
The quokka is almost dead.
The quokka bites you but does no damage.
You hit the quokka.
You kill the quokka!
The orc priest calls upon Beogh to heal the orc wizard.
The orc wizard is healed somewhat.
The orc wizard hits you but does no damage.
You hit the orc wizard but do no damage.
The orc wizard is lightly wounded.
The orc wizard points at you and mumbles some strange words.
The magic dart hits you.
You die...

#.# ## #.#
##.(. #.# ...#
#.# .... ##
#<#
.o#..o.....#
..#.##o#####
#.#####.#.#
#..$.@oo..##.#
#######[.....#
########


You could see an orc priest and an orc wizard.

Vanquished Creatures
  2 orc priests
  2 orc wizards
  Natasha (thrice) (D:2)
  An adder (D:2)
  3 worms
  2 dart slugs
  A leopard gecko (D:2)
  11 orcs (D:3)
  6 bats
  5 giant cockroaches
  8 goblins
  5 hobgoblins
  6 jackals
  3 kobolds
  2 quokkas
  A ball python (D:1)
  5 frilled lizards
  5 rats
71 creatures vanquished.

Notes
Turn   | Place    | Note
-------+----------+-------------------------------------------
     0 | D:1      | incide the Gnoll Wanderer began the quest for the Orb.
     0 | D:1      | incide set off with the following items: a +0 hand
                  | crossbow, a phial of floods, 24 bolts, a potion of curing,
                  | a +0 robe, a ration
     0 | D:1      | Reached XP level 1. HP: 13/13 MP: 4/4
    73 | D:1      | Reached skill level 2 in Conjurations
    73 | D:1      | Reached skill level 2 in Charms
    75 | D:1      | Reached XP level 2. HP: 11/19 MP: 5/5
   548 | D:1      | Reached XP level 3. HP: 25/25 MP: 7/7
  1089 | D:2      | Found a blossoming altar of Fedhas.
  1103 | D:2      | Reached skill level 1 in Invocations
  1332 | D:2      | Reached skill level 1 in Fighting
  1332 | D:2      | Reached skill level 1 in Short Blades
  1332 | D:2      | Reached skill level 1 in Long Blades
  1332 | D:2      | Reached skill level 1 in Axes
  1332 | D:2      | Reached skill level 1 in Maces & Flails
  1332 | D:2      | Reached skill level 1 in Polearms
  1332 | D:2      | Reached skill level 1 in Staves
  1332 | D:2      | Reached skill level 1 in Slings
  1332 | D:2      | Reached skill level 1 in Bows
  1332 | D:2      | Reached skill level 1 in Throwing
  1332 | D:2      | Reached skill level 1 in Dodging
  1332 | D:2      | Reached skill level 1 in Shields
  1332 | D:2      | Reached skill level 1 in Unarmed Combat
  1419 | D:2      | Noticed Natasha
  1425 | D:2      | Killed Natasha
  1425 | D:2      | Reached skill level 3 in Spellcasting
  1425 | D:2      | Reached XP level 4. HP: 24/32 MP: 8/8
  1453 | D:2      | Noticed Natasha
  1459 | D:2      | Killed Natasha
  1459 | D:2      | Reached skill level 1 in Hexes
  1459 | D:2      | Reached skill level 1 in Summonings
  1459 | D:2      | Reached skill level 1 in Necromancy
  1459 | D:2      | Reached skill level 1 in Translocations
  1459 | D:2      | Reached skill level 1 in Transmutations
  1459 | D:2      | Reached skill level 1 in Fire Magic
  1459 | D:2      | Reached skill level 1 in Ice Magic
  1459 | D:2      | Reached skill level 1 in Air Magic
  1459 | D:2      | Reached skill level 1 in Earth Magic
  1459 | D:2      | Reached skill level 1 in Poison Magic
  1709 | D:2      | Reached XP level 5. HP: 21/37 MP: 9/9
  1845 | D:2      | Noticed Natasha
  1855 | D:2      | Killed Natasha
  1909 | D:5      | Entered Level 5 of the Dungeon
  1953 | D:3      | Reached skill level 3 in Crossbows
  1953 | D:3      | Reached skill level 3 in Evocations
  2307 | D:3      | Reached skill level 2 in Invocations
  2307 | D:3      | Reached XP level 6. HP: 38/44 MP: 10/10
  2440 | D:3      | Reached skill level 3 in Stealth
  2800 | D:4      | Noticed Eustachio
  2841 | D:4      | HP: 6/44 [orc priest/+0 war axe (6)]
  2860 | D:4      | HP: 3/44 [orc wizard/magic dart (6)]
  2866 | D:4      | Killed from afar by an orc wizard

Levels and vault maps discovered:
D:1:      lemuel_arrival_room, layout_basic, chequers_serial_rivers_small_b,
          grunt_decor_resistance
D:2:      layout_basic, fedhas_altar_2, uniq_natasha
D:3:      layout_loops_ring
D:4:      layout_loops_corners, temple_doors_e, first_ration, uniq_sigmund,
          uniq_eustachio
D:5:      layout_layer_cave, grunt_ministairs_11

Skill      XL: |  1  2  3  4  5  6 |
---------------+-------------------+-----
Conjurations   | 2 |  2.6
Charms         | 2 |  2.6
Invocations    | 1 2 |  2.0
Fighting       | 1 |  1.8
Short Blades   | 1 |  1.8
Long Blades    | 1 |  1.8
Axes           | 1 |  1.8
Maces & Flails | 1 |  1.8
Polearms       | 1 |  1.8
Staves         | 1 |  1.8
Slings         | 1 |  1.8
Bows           | 1 |  1.8
Throwing       | 1 |  1.8
Dodging        | 1 |  1.8
Shields        | 1 |  1.8
Unarmed Combat | 1 |  1.8
Spellcasting   | 3 |  3.3
Hexes          | 1 |  1.4
Summonings     | 1 |  1.4
Necromancy     | 1 |  1.4
Translocations | 1 |  1.4
Transmutations | 1 |  1.4
Fire Magic     | 1 |  1.4
Ice Magic      | 1 |  1.4
Air Magic      | 1 |  1.4
Earth Magic    | 1 |  1.4
Poison Magic   | 1 |  1.4
Crossbows      | 3 |  3.2
Evocations     | 3 |  3.2
Stealth        | 3 |  3.0
Armour         | |  8.7

Action                   |  1- 3 |  4- 6 || total
-------------------------+-------+-------++-------
Melee: Bite              |       |    15 ||    15
       Hand crossbow     |       |     1 ||     1
       Trident           |       |   103 ||   103
 Fire: Hand crossbow     |    96 |    63 ||   159
Throw: Boomerang         |       |    11 ||    11
  Use: Potion            |       |     3 ||     3
       Scroll            |       |     2 ||     2
 Stab: Sleeping          |       |     1 ||     1
  Eat: Chunk             |     1 |     4 ||     5
Armor: Robe              |     6 |       ||     6
       Scale mail        |    21 |       ||    21
       Ring mail         |     1 |    58 ||    59
Dodge: Dodged            |    32 |    80 ||   112

Table legend:
 A = Non-vault XP
 B = Vault XP
 C = Vault XP percentage of total XP
 D = Non-vault monster count
 E = Vault monster count
 F = Vault count percentage of total count
                 A         B        C        D         E       F
            +---------+---------+-------+---------+---------+-------
      Total |     372 |      35 |   8.6 |      70 |       1 |   1.4
            +---------+---------+-------+---------+---------+-------
        D:1 |      37 |       0 |   0.0 |      19 |       0 |   0.0
        D:2 |     153 |      35 |  18.6 |      22 |       1 |   4.3
        D:3 |     139 |       0 |   0.0 |      27 |       0 |   0.0
        D:4 |      43 |       0 |   0.0 |       2 |       0 |   0.0
            +---------+---------+-------+---------+---------+-------
